Bruins vs Golden Knights
Created - June 24, 2023 at 10:23
Goals
|
| Bruins |
1 |
0 |
3 |
4 |
| Golden Knights |
1 |
3 |
2 |
6 |
|
Shots
|
| Bruins |
9 |
6 |
11 |
26 |
| Golden Knights |
9 |
17 |
9 |
35 |
|
1st period
1. Golden Knights , Steven Stamkos 8 (Zach Bogosian 6) at 2:09 (PP)
2. Bruins , Wojtek Wolski 7 (Kevin Hayes 5, Victor Oreskovich 7) at 17:56 (PP)
Penalties :
Josh Manson (Bos) for Hooking (Minor) at 1:44, Mikael Backlund (Bos) for Slashing (Minor) at 11:58, Anton Lindholm (Veg) for Tripping (Minor) at 17:18, Torey Krug (Bos) for Hooking (Minor) at 18:40
2nd period
3. Golden Knights , Andrew Cogliano 2 (Zach Bogosian 7) at 0:56 (PP)
4. Golden Knights , Steven Stamkos 9 (Zach Bogosian 8, Jordan Eberle 9) at 2:49 (PP)
5. Golden Knights , Jake Guentzel 6 (Steven Stamkos 14, Jordan Eberle 10) at 15:10
Penalties :
Brendan Smith (Bos) for Tripping (Minor) at 0:23, Victor Oreskovich (Bos) for Roughing (Minor) at 2:13, Mathew Dumba (Veg) for High sticking (Minor) at 3:08, Jamie Oleksiak (Veg) for Hooking (Minor) at 17:07, Andreas Athanasiou (Bos) for Delaying the game (Minor) at 19:21
3rd period
6. Bruins , Taylor Beck 5 (Mikael Backlund 6) at 1:38
7. Bruins , Mikael Backlund 5 (Matt Read 4, Taylor Beck 8) at 2:59
8. Bruins , Casey Cizikas 5 (David Booth 6, Andreas Athanasiou 5) at 9:21
9. Golden Knights , Mathew Dumba 2 (Andrei Loktionov 4, Alexander Radulov 3) at 9:59
10. Golden Knights , Jordan Eberle 9 (Steven Stamkos 15, Jake Guentzel 9) at 19:24 (Empty Net)
Penalties :
Jason Demers (Bos) for High sticking (Minor) at 5:12, Jason Demers (Bos) for Hooking (Minor) at 10:22, David Booth (Bos) for Slashing (Minor) at 15:52
Goalie Stats
Kevin Poulin (Bos), 29 saves from 34 shots - (0.853), L, 9-5-1, 58:57 minutes
Ondrej Pavelec (Veg), 22 saves from 26 shots - (0.846), W, 8-3-1, 60:00 minutes
Players Stats for Bruins
Player Name G A P +/- PIM S H SB GA TA FO MP PP MP PK MP
------------------------------------------------------------------------------------
Adam Pelech 0 0 0 1 0 1 0 0 0 0 0/0 12:04 0:00 2:39
Andreas Athanasiou 0 1 1 1 2 3 2 0 1 0 0/0 9:24 0:00 0:00
Brendan Smith 0 0 0 -1 2 0 1 0 1 1 0/0 21:21 1:34 6:00
Casey Cizikas 1 0 1 1 0 1 0 0 0 0 1/2 9:25 0:00 0:04
David Booth 0 1 1 1 2 3 3 0 0 0 0/1 10:47 0:00 0:42
Gabriel Landeskog 0 0 0 -1 0 1 1 0 0 2 0/0 18:21 2:26 3:58
Jason Demers 0 0 0 -1 4 2 2 2 0 2 0/0 28:47 3:02 6:10
Jonathan Toews 0 0 0 -2 0 1 3 0 1 0 13/30 20:10 2:26 3:34
Josh Manson 0 0 0 1 2 0 0 0 0 1 0/0 10:00 0:00 0:54
Kevin Hayes 0 1 1 -1 0 3 1 1 0 0 5/11 13:50 2:10 0:00
Madison Bowey 0 0 0 0 0 0 1 0 0 0 0/0 19:27 1:34 3:23
Matt Read 0 1 1 2 0 1 0 0 0 0 0/0 6:02 0:00 0:00
Mikael Backlund 1 1 2 2 2 2 1 0 0 1 1/3 8:02 0:00 1:02
Taylor Beck 1 1 2 2 0 1 0 0 2 0 0/1 6:33 0:00 0:00
Torey Krug 0 0 0 0 2 1 0 0 0 3 0/0 28:30 3:02 7:20
Victor Oreskovich 0 1 1 -1 2 0 2 0 0 0 0/0 13:49 2:10 0:00
Wojtek Wolski 1 0 1 -2 0 3 1 1 2 0 1/3 24:36 2:10 8:13
Zack Kassian 0 0 0 -2 0 3 3 2 0 0 6/15 25:15 2:26 8:32
Players Stats for Golden Knights
Player Name G A P +/- PIM S H SB GA TA FO MP PP MP PK MP
------------------------------------------------------------------------------------
Alexander Radulov 0 1 1 1 0 0 2 0 1 0 1/2 16:44 5:56 0:00
Andrei Loktionov 0 1 1 1 0 4 0 0 0 0 11/16 18:27 5:56 1:28
Andrew Cogliano 1 0 1 1 0 3 1 1 0 0 0/2 18:45 5:56 1:38
Anton Lindholm 0 0 0 -1 2 0 0 0 0 0 0/0 11:45 0:00 0:09
Christopher Tanev 0 0 0 0 0 0 0 0 0 0 0/0 19:43 4:23 2:20
Eric Robinson 0 0 0 -1 0 0 1 0 0 0 0/0 6:24 0:06 0:11
Jake Guentzel 1 1 2 1 0 2 4 0 1 1 1/1 24:21 7:10 2:58
Jamie Oleksiak 0 0 0 -1 2 0 0 1 0 0 0/0 12:41 0:00 0:50
Jordan Eberle 1 2 3 1 0 3 3 1 1 0 2/2 21:08 7:10 0:00
Kyle Rau 0 0 0 -1 0 0 2 0 1 0 4/6 10:41 0:00 0:00
Lawson Crouse 0 0 0 -1 0 3 1 0 0 1 0/0 10:41 0:00 0:00
Luke Glendening 0 0 0 -1 0 0 0 0 0 0 0/1 6:05 0:00 0:00
Mathew Dumba 1 0 1 1 2 3 3 0 2 2 0/0 28:12 8:49 1:26
Olli Maatta 0 0 0 0 0 0 0 2 1 1 0/0 19:10 4:23 1:47
Steven Stamkos 2 2 4 1 0 13 1 0 1 0 19/34 24:36 7:16 2:57
Tom Wilson 0 0 0 -1 0 2 3 0 0 0 1/1 10:49 0:06 0:00
Tomas Nosek 0 0 0 -1 0 0 0 0 0 0 0/1 6:05 0:00 0:00
Zach Bogosian 0 3 3 1 0 2 3 1 2 2 0/0 29:04 8:49 2:40
3 Stars
1 - Steven Stamkos (Veg)
2 - Jordan Eberle (Veg)
3 - Jake Guentzel (Veg)
Power Play
Bruins - 1 on 3 Attempt(s) - 33.33%
Golden Knights - 3 on 9 Attempt(s) - 33.33%
Penalty Kill
Bruins - 6 on 9 Attempt(s) - 66.67%
- Score 0 goal in Penalty Kill
Golden Knights - 2 on 3 Attempt(s) - 66.67%
- Score 0 goal in Penalty Kill
Team Stat
Bruins - Hits : 21 - Faceoff Wins : 27 - Blocked Shots : 6 - Penalty Minutes : 18
Golden Knights - Hits : 24 - Faceoff Wins : 39 - Blocked Shots : 6 - Penalty Minutes : 6
Official
Referees : Dan Kelly and Michael Markovic
Linesman : Derek Nansen and Jonny Murray
Game Notes
Jordan Eberle has scored in a empty net!
Finance
Level 1 -- Attendance: 6000 (100.00%) -- Ticket Income $600,000
Level 2 -- Attendance: 5000 (100.00%) -- Ticket Income $300,000
Level 3 -- Attendance: 2000 (100.00%) -- Ticket Income $70,000
Level 4 -- Attendance: 4000 (100.00%) -- Ticket Income $100,000
Luxury Box -- Attendance: 1000 (100.00%) -- Ticket Income $200,000
Game was played at the T-Mobile Arena.
Total Attendance: 18000 (100.00%)
Total Ticket Income: $1,270,000
Other Income: $190,500
Total Income: $1,460,500
Bruins
5 vs 5 Forward
Center Left Wing Right Wing Time % Phy DF OF
1 Jonathan Toews Wojtek Wolski Zack Kassian 41 1 2 2
2 Kevin Hayes Gabriel Landeskog Victor Oreskovich 31 1 2 2
3 Casey Cizikas David Booth Andreas Athanasiou 19 1 2 2
4 Mikael Backlund Taylor Beck Matt Read 9 1 2 2
5 vs 5 Defense
Defense Defense Time % Phy DF OF
1 Jason Demers Torey Krug 45 1 2 2
2 Brendan Smith Madison Bowey 35 1 2 2
3 Josh Manson Adam Pelech 10 1 2 2
4 Jason Demers Torey Krug 10 1 2 2
PowerPlay Forward
Center Left Wing Right Wing Time % Phy DF OF
1 Jonathan Toews Gabriel Landeskog Zack Kassian 60 0 2 3
2 Kevin Hayes Wojtek Wolski Victor Oreskovich 40 0 2 3
PowerPlay Defense
Defense Defense Time % Phy DF OF
1 Jason Demers Torey Krug 60 1 2 2
2 Brendan Smith Madison Bowey 40 1 2 2
Penalty Kill 4 Players Forward
Center Wing Time % Phy DF OF
1 Zack Kassian Wojtek Wolski 60 1 2 2
2 Jonathan Toews Gabriel Landeskog 40 1 2 2
Penalty Kill 4 Players Defense
Defense Defense Time % Phy DF OF
1 Jason Demers Torey Krug 60 1 2 2
2 Brendan Smith Madison Bowey 40 1 2 2
Penalty Kill - 3 Players Forward
Forward Time % Phy DF OF
1 Zack Kassian 60 0 3 2
2 Wojtek Wolski 40 0 3 2
Penalty Kill - 3 Players Defense
Defense Defense Time % Phy DF OF
1 Jason Demers Torey Krug 60 1 2 2
2 Brendan Smith Madison Bowey 40 1 2 2
4 vs 4 Forward
Center Wing Time % Phy DF OF
1 Zack Kassian Wojtek Wolski 60 1 2 2
2 Jonathan Toews Gabriel Landeskog 40 1 2 2
4 vs 4 Defense
Defense Defense Time % Phy DF OF
1 Jason Demers Torey Krug 60 1 2 2
2 Brendan Smith Madison Bowey 40 1 2 2
Last Minutes Offensive
Center Left Wing Right Wing Defense Defense
Jonathan Toews Wojtek Wolski Zack Kassian Jason Demers Torey Krug
Last Minutes Defensive
Center Left Wing Right Wing Defense Defense
Jonathan Toews Wojtek Wolski Zack Kassian Jason Demers Torey Krug
Goaltenders
Starting : Kevin Poulin
Backup : Keith Kinkaid
Extra Forwards
Normal : Gabriel Landeskog, Zack Kassian, Wojtek Wolski - PP : Gabriel Landeskog, Zack Kassian - PK : Mikael Backlund
Extra Defensemen
Normal : Madison Bowey, Jason Demers, Brendan Smith - PP : Jason Demers - PK : Brendan Smith, Jason Demers
Penalty Shots
Zack Kassian, Wojtek Wolski, Gabriel Landeskog, Jonathan Toews, Kevin Hayes
Scratches
Alex Petrovic (Healthy)
Golden Knights
5 vs 5 Forward
Center Left Wing Right Wing Time % Phy DF OF
1 Steven Stamkos Jake Guentzel Jordan Eberle 40 1 2 2
2 Andrei Loktionov Andrew Cogliano Alexander Radulov 30 1 2 2
3 Kyle Rau Lawson Crouse Tom Wilson 20 1 2 2
4 Tomas Nosek Eric Robinson Luke Glendening 10 1 2 2
5 vs 5 Defense
Defense Defense Time % Phy DF OF
1 Zach Bogosian Mathew Dumba 40 1 2 2
2 Olli Maatta Christopher Tanev 30 1 2 2
3 Jamie Oleksiak Anton Lindholm 20 1 2 2
4 Zach Bogosian Mathew Dumba 10 1 2 2
PowerPlay Forward
Center Left Wing Right Wing Time % Phy DF OF
1 Steven Stamkos Jake Guentzel Jordan Eberle 60 1 2 2
2 Andrei Loktionov Andrew Cogliano Alexander Radulov 40 1 2 2
PowerPlay Defense
Defense Defense Time % Phy DF OF
1 Zach Bogosian Mathew Dumba 60 1 2 2
2 Olli Maatta Christopher Tanev 40 1 2 2
Penalty Kill 4 Players Forward
Center Wing Time % Phy DF OF
1 Steven Stamkos Jake Guentzel 60 1 2 2
2 Andrei Loktionov Andrew Cogliano 40 1 2 2
Penalty Kill 4 Players Defense
Defense Defense Time % Phy DF OF
1 Zach Bogosian Mathew Dumba 60 1 2 2
2 Olli Maatta Christopher Tanev 40 1 2 2
Penalty Kill - 3 Players Forward
Forward Time % Phy DF OF
1 Steven Stamkos 60 1 2 2
2 Andrei Loktionov 40 1 2 2
Penalty Kill - 3 Players Defense
Defense Defense Time % Phy DF OF
1 Zach Bogosian Mathew Dumba 60 1 2 2
2 Olli Maatta Christopher Tanev 40 1 2 2
4 vs 4 Forward
Center Wing Time % Phy DF OF
1 Steven Stamkos Jake Guentzel 60 1 2 2
2 Andrei Loktionov Andrew Cogliano 40 1 2 2
4 vs 4 Defense
Defense Defense Time % Phy DF OF
1 Zach Bogosian Mathew Dumba 60 1 2 2
2 Olli Maatta Christopher Tanev 40 1 2 2
Last Minutes Offensive
Center Left Wing Right Wing Defense Defense
Steven Stamkos Jake Guentzel Jordan Eberle Zach Bogosian Mathew Dumba
Last Minutes Defensive
Center Left Wing Right Wing Defense Defense
Steven Stamkos Jake Guentzel Jordan Eberle Zach Bogosian Mathew Dumba
Goaltenders
Starting : Ondrej Pavelec
Backup : Laurent Brossoit
Extra Forwards
Normal : Andrew Cogliano, Alexander Radulov, Tom Wilson - PP : Andrew Cogliano, Alexander Radulov - PK : Andrew Cogliano
Extra Defensemen
Normal : Christopher Tanev, Jamie Oleksiak, Anton Lindholm - PP : Christopher Tanev - PK : Christopher Tanev, Jamie Oleksiak
Penalty Shots
Steven Stamkos, Jordan Eberle, Jake Guentzel, Andrei Loktionov, Andrew Cogliano
Scratches
Jamie Benn (Lacerated Left Calf Injury)
% Time on Ice - Bruins
Lines # - Real PCT - Wanted PCT - Time Play
Normal Forward
1 - 35% - 41% - 14:32
2 - 28% - 31% - 11:45
3 - 22% - 19% - 9:21
4 - 14% - 9% - 6:02
Normal Defense
1 - 45% - 45% - 18:47
2 - 32% - 35% - 13:21
3 - 21% - 10% - 8:50
4 - 2% - 10% - 0:42
PP Forward
1 - 53% - 60% - 2:26
2 - 47% - 40% - 2:10
PP Defense
1 - 66% - 60% - 3:02
2 - 34% - 40% - 1:34
PK Forward
1 - 72% - 60% - 9:22
2 - 28% - 40% - 3:34
PK Defense
1 - 74% - 60% - 9:33
2 - 26% - 40% - 3:23
PK3 Forward
1 - 100% - 60% - 0:16
2 - 0% - 40% - 0:00
PK3 Defense
1 - 100% - 60% - 0:16
2 - 0% - 40% - 0:00
44 Forward
1 - 0% - 60%
2 - 0% - 40%
44 Defense
1 - 0% - 60%
2 - 0% - 40%
Last Minute Offensive - 0:32
Last Minute Defensive - 0:00
Total
Forward - 60:00
Defense - 60:00
|
% Time on Ice - Golden Knights
Lines # - Real PCT - Wanted PCT - Time Play
Normal Forward
1 - 34% - 40% - 14:00
2 - 26% - 30% - 10:48
3 - 26% - 20% - 10:41
4 - 15% - 10% - 6:05
Normal Defense
1 - 41% - 40% - 17:12
2 - 30% - 30% - 12:22
3 - 27% - 20% - 11:14
4 - 2% - 10% - 0:46
PP Forward
1 - 55% - 60% - 7:16
2 - 45% - 40% - 5:56
PP Defense
1 - 67% - 60% - 8:49
2 - 33% - 40% - 4:23
PK Forward
1 - 80% - 60% - 3:42
2 - 20% - 40% - 0:54
PK Defense
1 - 61% - 60% - 2:49
2 - 39% - 40% - 1:47
PK3 Forward
1 - 0% - 60%
2 - 0% - 40%
PK3 Defense
1 - 0% - 60%
2 - 0% - 40%
44 Forward
1 - 0% - 60%
2 - 0% - 40%
44 Defense
1 - 0% - 60%
2 - 0% - 40%
Last Minute Offensive - 0:00
Last Minute Defensive - 0:38
Total
Forward - 60:00
Defense - 60:00
|
Play-by-Play
1st period
0:01 of 1st period - Wojtek Wolski wins face-off versus Steven Stamkos in neutral zone.
0:14 of 1st period - Wrist shot by Zack Kassian.
0:14 of 1st period - Stopped by Ondrej Pavelec without a rebound.
0:15 of 1st period - Andrei Loktionov wins face-off versus Kevin Hayes in Golden Knights zone.
0:42 of 1st period - David Booth is hit by Tom Wilson and loses puck.
1:07 of 1st period - Steven Stamkos is hit by Jonathan Toews and loses puck.
1:15 of 1st period - Icing by Jake Guentzel.
1:16 of 1st period - Steven Stamkos wins face-off versus Taylor Beck in Golden Knights zone.
1:44 of 1st period - Minor Penalty to Josh Manson for Hooking.
1:45 of 1st period - Zack Kassian wins face-off versus Steven Stamkos in Bruins zone.
1:55 of 1st period - Wrist shot by Steven Stamkos.
1:55 of 1st period - Stopped by Kevin Poulin without a rebound.
1:56 of 1st period - Steven Stamkos wins face-off versus Zack Kassian in Bruins zone.
2:05 of 1st period - Snap shot by Steven Stamkos.
2:05 of 1st period - Shot Misses the Net.
2:07 of 1st period - Slapshot by Zach Bogosian.
2:07 of 1st period - Shot Blocked by Jason Demers.
2:09 of 1st period - Slapshot by Zach Bogosian.
2:09 of 1st period - Deflect By Steven Stamkos.
2:09 of 1st period - Goal by Steven Stamkos - Bruins : 0 - Golden Knights : 1.
2:10 of 1st period - Jonathan Toews wins face-off versus Andrei Loktionov in neutral zone.
2:17 of 1st period - Wrist shot by Jonathan Toews.
2:17 of 1st period - Stopped by Ondrej Pavelec without a rebound.
2:18 of 1st period - Andrei Loktionov wins face-off versus Jonathan Toews in Golden Knights zone.
2:31 of 1st period - Snap shot by Zack Kassian.
2:31 of 1st period - Stopped by Ondrej Pavelec without a rebound.
2:32 of 1st period - Kevin Hayes wins face-off versus Tomas Nosek in Golden Knights zone.
3:26 of 1st period - Backhand shot by Jake Guentzel.
3:26 of 1st period - Stopped by Kevin Poulin without a rebound.
3:27 of 1st period - Andrei Loktionov wins face-off versus Kevin Hayes in Bruins zone.
3:36 of 1st period - Snap shot by Andrei Loktionov.
3:36 of 1st period - Shot Blocked by Kevin Hayes.
3:56 of 1st period - Wrist shot by Gabriel Landeskog.
3:56 of 1st period - Shot Blocked by Andrew Cogliano.
3:58 of 1st period - Slapshot by Madison Bowey.
3:58 of 1st period - Shot Misses the Net.
4:50 of 1st period - Snap shot by Andrei Loktionov.
4:50 of 1st period - Stopped by Kevin Poulin without a rebound.
4:51 of 1st period - Kyle Rau wins face-off versus Zack Kassian in Bruins zone.
5:06 of 1st period - Slapshot by Zach Bogosian.
5:06 of 1st period - Deflect By Jason Demers.
5:06 of 1st period - Stopped by Kevin Poulin with a rebound.
5:18 of 1st period - Steven Stamkos is hit by David Booth and loses puck.
5:45 of 1st period - Wrist shot by Mikael Backlund.
5:45 of 1st period - Shot Misses the Net.
7:42 of 1st period - Icing by Andrew Cogliano.
7:43 of 1st period - Kyle Rau wins face-off versus Wojtek Wolski in Golden Knights zone.
8:08 of 1st period - Olli Maatta is hit by David Booth and loses puck.
8:13 of 1st period - Slapshot by David Booth.
8:13 of 1st period - Stopped by Ondrej Pavelec with a rebound.
8:15 of 1st period - Wrist shot by Adam Pelech.
8:15 of 1st period - Shot Blocked by Olli Maatta.
8:17 of 1st period - Slapshot by Josh Manson.
8:17 of 1st period - Shot Misses the Net.
8:21 of 1st period - Snap shot by Andreas Athanasiou.
8:21 of 1st period - Stopped by Ondrej Pavelec with a rebound.
8:37 of 1st period - Wrist shot by Lawson Crouse.
8:37 of 1st period - Stopped by Kevin Poulin with a rebound.
9:05 of 1st period - Wrist shot by Lawson Crouse.
9:05 of 1st period - Deflect By Tom Wilson.
9:05 of 1st period - Shot Misses the Net.
9:05 of 1st period - Puck is out of play.
9:06 of 1st period - Jonathan Toews wins face-off versus Steven Stamkos in Bruins zone.
9:10 of 1st period - Icing by Zack Kassian.
9:11 of 1st period - Steven Stamkos wins face-off versus Jonathan Toews in Bruins zone.
9:24 of 1st period - Snap shot by Steven Stamkos.
9:24 of 1st period - Stopped by Kevin Poulin with a rebound.
10:19 of 1st period - Andreas Athanasiou is hit by Jake Guentzel and loses puck.
10:30 of 1st period - Snap shot by Jason Demers.
10:30 of 1st period - Shot Misses the Net.
10:49 of 1st period - Snap shot by David Booth.
10:49 of 1st period - Stopped by Ondrej Pavelec without a rebound.
10:50 of 1st period - Jonathan Toews wins face-off versus Luke Glendening in Golden Knights zone.
11:17 of 1st period - Mathew Dumba is hit by Victor Oreskovich and loses puck.
11:58 of 1st period - Minor Penalty to Mikael Backlund for Slashing.
11:59 of 1st period - Zack Kassian wins face-off versus Steven Stamkos in Bruins zone.
11:59 of 1st period - Zack Kassian is hit by Jordan Eberle.
13:11 of 1st period - Snap shot by Gabriel Landeskog.
13:11 of 1st period - Shot Misses the Net.
13:20 of 1st period - Icing by Andrei Loktionov.
13:21 of 1st period - Casey Cizikas wins face-off versus Alexander Radulov in Golden Knights zone.
13:45 of 1st period - Jordan Eberle is hit by Madison Bowey and loses puck.
13:58 of 1st period - Penalty to Mikael Backlund is over, Mikael Backlund is back on ice.
14:02 of 1st period - Jordan Eberle is hit by Zack Kassian and loses puck.
14:39 of 1st period - Wrist shot by Kevin Hayes.
14:39 of 1st period - Stopped by Ondrej Pavelec with a rebound.
14:47 of 1st period - Tomas Nosek is hit by Gabriel Landeskog and loses puck.
15:55 of 1st period - Kevin Hayes is hit by Mathew Dumba and loses puck.
16:19 of 1st period - Jason Demers is hit by Kyle Rau and loses puck.
16:26 of 1st period - Lawson Crouse is hit by Jason Demers and loses puck.
17:18 of 1st period - Minor Penalty to Anton Lindholm for Tripping.
17:19 of 1st period - Steven Stamkos wins face-off versus Jonathan Toews in Golden Knights zone.
17:19 of 1st period - Steven Stamkos is hit by Zack Kassian.
17:34 of 1st period - Wrist shot by Zack Kassian.
17:34 of 1st period - Shot Misses the Net.
17:54 of 1st period - Wrist shot by Kevin Hayes.
17:54 of 1st period - Stopped by Ondrej Pavelec with a rebound.
17:56 of 1st period - Slapshot by Wojtek Wolski.
17:56 of 1st period - Goal by Wojtek Wolski - Bruins : 1 - Golden Knights : 1.
17:57 of 1st period - Alexander Radulov wins face-off versus Jonathan Toews in neutral zone.
18:06 of 1st period - Snap shot by Andrew Cogliano.
18:06 of 1st period - Stopped by Kevin Poulin with a rebound.
18:08 of 1st period - Snap shot by Mathew Dumba.
18:08 of 1st period - Stopped by Kevin Poulin without a rebound.
18:09 of 1st period - Jonathan Toews wins face-off versus Steven Stamkos in Bruins zone.
18:28 of 1st period - Zack Kassian is hit by Jake Guentzel and loses puck.
18:40 of 1st period - Minor Penalty to Torey Krug for Hooking.
18:41 of 1st period - Zack Kassian wins face-off versus Steven Stamkos in Bruins zone.
19:53 of 1st period - Icing by Zach Bogosian.
19:54 of 1st period - Andrei Loktionov wins face-off versus Mikael Backlund in Golden Knights zone.
Goals for this period are 1 for Bruins vs 1 for Golden Knights.
Shots for this period are 9 for Bruins vs 9 for Golden Knights.
2nd period
0:01 of 2nd period - Steven Stamkos wins face-off versus Zack Kassian in neutral zone.
0:23 of 2nd period - Minor Penalty to Brendan Smith for Tripping.
0:24 of 2nd period - Steven Stamkos wins face-off versus Zack Kassian in Bruins zone.
0:25 of 2nd period - Wrist shot by Jordan Eberle.
0:25 of 2nd period - Shot Misses the Net.
0:39 of 2nd period - Snap shot by Steven Stamkos.
0:39 of 2nd period - Shot Blocked by Zack Kassian.
0:40 of 2nd period - Penalty to Torey Krug is over, Torey Krug is back on ice.
0:51 of 2nd period - Wojtek Wolski is hit by Alexander Radulov and loses puck.
0:56 of 2nd period - Slapshot by Andrew Cogliano.
0:56 of 2nd period - Goal by Andrew Cogliano - Bruins : 1 - Golden Knights : 2.
0:57 of 2nd period - Steven Stamkos wins face-off versus Jonathan Toews in neutral zone.
1:02 of 2nd period - Snap shot by Steven Stamkos.
1:02 of 2nd period - Stopped by Kevin Poulin without a rebound.
1:03 of 2nd period - Jonathan Toews wins face-off versus Steven Stamkos in Bruins zone.
1:05 of 2nd period - Icing by Wojtek Wolski.
1:06 of 2nd period - Steven Stamkos wins face-off versus Jonathan Toews in Bruins zone.
1:11 of 2nd period - Snap shot by Steven Stamkos.
1:11 of 2nd period - Stopped by Kevin Poulin with a rebound.
1:13 of 2nd period - Slapshot by Mathew Dumba.
1:13 of 2nd period - Stopped by Kevin Poulin with a rebound.
1:15 of 2nd period - Slapshot by Zach Bogosian.
1:15 of 2nd period - Stopped by Kevin Poulin without a rebound.
1:16 of 2nd period - Steven Stamkos wins face-off versus Jonathan Toews in Bruins zone.
1:19 of 2nd period - Snap shot by Steven Stamkos.
1:19 of 2nd period - Deflect By Jordan Eberle.
1:19 of 2nd period - Stopped by Kevin Poulin without a rebound.
1:20 of 2nd period - Jonathan Toews wins face-off versus Steven Stamkos in Bruins zone.
1:25 of 2nd period - Snap shot by Jonathan Toews.
1:25 of 2nd period - Shot Misses the Net.
1:27 of 2nd period - Slapshot by Jason Demers.
1:27 of 2nd period - Stopped by Ondrej Pavelec without a rebound.
1:28 of 2nd period - Jake Guentzel wins face-off versus Jonathan Toews in Golden Knights zone.
1:28 of 2nd period - Jake Guentzel is hit by Jonathan Toews.
1:50 of 2nd period - Zack Kassian is hit by Mathew Dumba.
2:10 of 2nd period - Wrist shot by Steven Stamkos.
2:10 of 2nd period - Stopped by Kevin Poulin without a rebound.
2:11 of 2nd period - Kevin Hayes wins face-off versus Andrei Loktionov in Bruins zone.
2:13 of 2nd period - Minor Penalty to Victor Oreskovich for Roughing.
2:14 of 2nd period - Zack Kassian wins face-off versus Steven Stamkos in Bruins zone.
2:23 of 2nd period - Snap shot by Steven Stamkos.
2:23 of 2nd period - Stopped by Kevin Poulin without a rebound.
2:24 of 2nd period - Steven Stamkos wins face-off versus Zack Kassian in Bruins zone.
2:47 of 2nd period - Wrist shot by Jordan Eberle.
2:47 of 2nd period - Shot Misses the Net.
2:49 of 2nd period - Slapshot by Zach Bogosian.
2:49 of 2nd period - Deflect By Steven Stamkos.
2:49 of 2nd period - Goal by Steven Stamkos - Bruins : 1 - Golden Knights : 3.
2:50 of 2nd period - Steven Stamkos wins face-off versus Jonathan Toews in neutral zone.
2:59 of 2nd period - Wrist shot by Jordan Eberle.
2:59 of 2nd period - Shot Misses the Net.
3:08 of 2nd period - Minor Penalty to Mathew Dumba for High sticking.
3:09 of 2nd period - Jonathan Toews wins face-off versus Steven Stamkos in Golden Knights zone.
3:24 of 2nd period - Wrist shot by Zack Kassian.
3:24 of 2nd period - Shot Blocked by Zach Bogosian.
5:08 of 2nd period - Penalty to Mathew Dumba is over, Mathew Dumba is back on ice.
5:30 of 2nd period - Snap shot by Andrew Cogliano.
5:30 of 2nd period - Deflect By Steven Stamkos.
5:30 of 2nd period - Stopped by Kevin Poulin without a rebound.
5:31 of 2nd period - Kyle Rau wins face-off versus Mikael Backlund in Bruins zone.
5:44 of 2nd period - Wrist shot by Lawson Crouse.
5:44 of 2nd period - Shot Misses the Net.
5:56 of 2nd period - Snap shot by Madison Bowey.
5:56 of 2nd period - Shot Misses the Net.
6:37 of 2nd period - Adam Pelech is hit by Kyle Rau and loses puck.
6:56 of 2nd period - Wrist shot by Tomas Nosek.
6:56 of 2nd period - Shot Misses the Net.
6:58 of 2nd period - Snap shot by Luke Glendening.
6:58 of 2nd period - Shot Misses the Net.
8:01 of 2nd period - Jason Demers is hit by Zach Bogosian and loses puck.
8:18 of 2nd period - Jason Demers is hit by Mathew Dumba and loses puck.
8:41 of 2nd period - Slapshot by Jordan Eberle.
8:41 of 2nd period - Stopped by Kevin Poulin without a rebound.
8:42 of 2nd period - Jonathan Toews wins face-off versus Kyle Rau in Bruins zone.
8:53 of 2nd period - Snap shot by Tom Wilson.
8:53 of 2nd period - Deflect By Lawson Crouse.
8:53 of 2nd period - Stopped by Kevin Poulin with a rebound.
9:07 of 2nd period - Zack Kassian is hit by Jake Guentzel and loses puck.
9:53 of 2nd period - Slapshot by Tom Wilson.
9:53 of 2nd period - Deflect By Kyle Rau.
9:53 of 2nd period - Shot Misses the Net.
9:53 of 2nd period - Puck is out of play.
9:54 of 2nd period - Kevin Hayes wins face-off versus Steven Stamkos in Bruins zone.
10:01 of 2nd period - Slapshot by Kevin Hayes.
10:01 of 2nd period - Stopped by Ondrej Pavelec without a rebound.
10:02 of 2nd period - Steven Stamkos wins face-off versus Kevin Hayes in Golden Knights zone.
10:13 of 2nd period - Jake Guentzel is hit by Jason Demers.
10:46 of 2nd period - Snap shot by Kevin Hayes.
10:46 of 2nd period - Shot Misses the Net.
10:48 of 2nd period - Slapshot by Jason Demers.
10:48 of 2nd period - Shot Misses the Net.
10:50 of 2nd period - Slapshot by Torey Krug.
10:50 of 2nd period - Stopped by Ondrej Pavelec with a rebound.
10:52 of 2nd period - Wrist shot by Jason Demers.
10:52 of 2nd period - Stopped by Ondrej Pavelec with a rebound.
10:54 of 2nd period - Snap shot by Jason Demers.
10:54 of 2nd period - Deflect By Gabriel Landeskog.
10:54 of 2nd period - Shot Blocked by Jordan Eberle.
10:54 of 2nd period - Puck is out of play.
10:55 of 2nd period - Jonathan Toews wins face-off versus Andrei Loktionov in Golden Knights zone.
11:06 of 2nd period - Wrist shot by Wojtek Wolski.
11:06 of 2nd period - Stopped by Ondrej Pavelec without a rebound.
11:07 of 2nd period - Jonathan Toews wins face-off versus Andrew Cogliano in Golden Knights zone.
12:15 of 2nd period - Olli Maatta is hit by Kevin Hayes and loses puck.
12:22 of 2nd period - Jason Demers is hit by Eric Robinson and loses puck.
12:39 of 2nd period - Torey Krug is hit by Andrew Cogliano and loses puck.
13:00 of 2nd period - Slapshot by David Booth.
13:00 of 2nd period - Shot Blocked by Olli Maatta.
13:06 of 2nd period - Casey Cizikas is hit by Tom Wilson and loses puck.
13:21 of 2nd period - Kevin Hayes is hit by Jake Guentzel and loses puck.
13:28 of 2nd period - Snap shot by Steven Stamkos.
13:28 of 2nd period - Stopped by Kevin Poulin without a rebound.
13:29 of 2nd period - Andrei Loktionov wins face-off versus Zack Kassian in Bruins zone.
14:00 of 2nd period - Snap shot by Lawson Crouse.
14:00 of 2nd period - Deflect By Madison Bowey.
14:00 of 2nd period - Stopped by Kevin Poulin without a rebound.
14:01 of 2nd period - Kyle Rau wins face-off versus Kevin Hayes in Bruins zone.
14:46 of 2nd period - Snap shot by Gabriel Landeskog.
14:46 of 2nd period - Shot Misses the Net.
15:06 of 2nd period - Snap shot by Tom Wilson.
15:06 of 2nd period - Stopped by Kevin Poulin without a rebound.
15:07 of 2nd period - Jordan Eberle wins face-off versus Jonathan Toews in Bruins zone.
15:08 of 2nd period - Snap shot by Steven Stamkos.
15:08 of 2nd period - Shot Blocked by Jason Demers.
15:10 of 2nd period - Wrist shot by Jake Guentzel.
15:10 of 2nd period - Goal by Jake Guentzel - Bruins : 1 - Golden Knights : 4.
15:11 of 2nd period - Jonathan Toews wins face-off versus Steven Stamkos in neutral zone.
15:32 of 2nd period - Jake Guentzel is hit by Wojtek Wolski and loses puck.
16:24 of 2nd period - Snap shot by Mikael Backlund.
16:24 of 2nd period - Stopped by Ondrej Pavelec without a rebound.
16:25 of 2nd period - Mikael Backlund wins face-off versus Kyle Rau in Golden Knights zone.
16:40 of 2nd period - Snap shot by Lawson Crouse.
16:40 of 2nd period - Shot Hit the Post.
17:07 of 2nd period - Minor Penalty to Jamie Oleksiak for Hooking.
17:08 of 2nd period - Steven Stamkos wins face-off versus Jonathan Toews in Golden Knights zone.
17:36 of 2nd period - Torey Krug is hit by Zach Bogosian and loses puck.
17:59 of 2nd period - Snap shot by Andrew Cogliano.
17:59 of 2nd period - Stopped by Kevin Poulin without a rebound.
18:00 of 2nd period - Andrei Loktionov wins face-off versus Jonathan Toews in Bruins zone.
18:03 of 2nd period - Wrist shot by Andrei Loktionov.
18:03 of 2nd period - Shot Blocked by Zack Kassian.
18:24 of 2nd period - Christopher Tanev is hit by Brendan Smith and loses puck.
19:07 of 2nd period - Penalty to Jamie Oleksiak is over, Jamie Oleksiak is back on ice.
19:21 of 2nd period - Minor Penalty to Andreas Athanasiou for Delaying the game.
19:22 of 2nd period - Andrei Loktionov wins face-off versus Wojtek Wolski in Bruins zone.
Goals for this period are 0 for Bruins vs 3 for Golden Knights.
Shots for this period are 6 for Bruins vs 17 for Golden Knights.
3rd period
0:01 of 3rd period - Steven Stamkos wins face-off versus Zack Kassian in neutral zone.
0:26 of 3rd period - Wojtek Wolski is hit by Zach Bogosian and loses puck.
1:21 of 3rd period - Penalty to Andreas Athanasiou is over, Andreas Athanasiou is back on ice.
1:38 of 3rd period - Slapshot by Taylor Beck.
1:38 of 3rd period - Deflect By Zach Bogosian.
1:38 of 3rd period - Goal by Taylor Beck - Bruins : 2 - Golden Knights : 4.
1:39 of 3rd period - Kevin Hayes wins face-off versus Andrei Loktionov in neutral zone.
1:44 of 3rd period - Snap shot by Gabriel Landeskog.
1:44 of 3rd period - Stopped by Ondrej Pavelec with a rebound.
1:52 of 3rd period - Backhand shot by Alexander Radulov.
1:52 of 3rd period - Shot Misses the Net.
1:54 of 3rd period - Snap shot by Andrew Cogliano.
1:54 of 3rd period - Shot Misses the Net.
2:06 of 3rd period - Jordan Eberle is hit by Andreas Athanasiou and loses puck.
2:59 of 3rd period - Wrist shot by Mikael Backlund.
2:59 of 3rd period - Goal by Mikael Backlund - Bruins : 3 - Golden Knights : 4.
3:00 of 3rd period - Steven Stamkos wins face-off versus Jonathan Toews in neutral zone.
3:03 of 3rd period - Jason Demers is hit by Jordan Eberle and loses puck.
3:54 of 3rd period - Anton Lindholm is hit by David Booth and loses puck.
4:09 of 3rd period - Mikael Backlund is hit by Steven Stamkos and loses puck.
4:18 of 3rd period - Snap shot by Mikael Backlund.
4:18 of 3rd period - Shot Blocked by Jamie Oleksiak.
4:20 of 3rd period - Wrist shot by Matt Read.
4:20 of 3rd period - Stopped by Ondrej Pavelec with a rebound.
4:38 of 3rd period - Snap shot by Wojtek Wolski.
4:38 of 3rd period - Stopped by Ondrej Pavelec without a rebound.
4:39 of 3rd period - Jonathan Toews wins face-off versus Andrei Loktionov in Golden Knights zone.
4:42 of 3rd period - Snap shot by Zack Kassian.
4:42 of 3rd period - Stopped by Ondrej Pavelec without a rebound.
4:43 of 3rd period - Jonathan Toews wins face-off versus Andrew Cogliano in Golden Knights zone.
4:59 of 3rd period - Off-side.
5:00 of 3rd period - Kevin Hayes wins face-off versus Steven Stamkos in neutral zone.
5:12 of 3rd period - Minor Penalty to Jason Demers for High sticking.
5:13 of 3rd period - Steven Stamkos wins face-off versus Zack Kassian in Bruins zone.
5:29 of 3rd period - Wrist shot by Steven Stamkos.
5:29 of 3rd period - Stopped by Kevin Poulin with a rebound.
5:47 of 3rd period - Gabriel Landeskog is hit by Alexander Radulov.
6:17 of 3rd period - Jake Guentzel is hit by Zack Kassian and loses puck.
7:09 of 3rd period - David Booth is hit by Tom Wilson and loses puck.
7:12 of 3rd period - Penalty to Jason Demers is over, Jason Demers is back on ice.
7:27 of 3rd period - Mathew Dumba is hit by Mikael Backlund and loses puck.
7:47 of 3rd period - Anton Lindholm is hit by Victor Oreskovich and loses puck.
8:43 of 3rd period - Matt Read is hit by Jordan Eberle and loses puck.
8:48 of 3rd period - Backhand shot by Steven Stamkos.
8:48 of 3rd period - Stopped by Kevin Poulin without a rebound.
8:49 of 3rd period - Andrei Loktionov wins face-off versus Jonathan Toews in Bruins zone.
9:06 of 3rd period - Snap shot by Andrei Loktionov.
9:06 of 3rd period - Stopped by Kevin Poulin with a rebound.
9:21 of 3rd period - Slapshot by David Booth.
9:21 of 3rd period - Deflect By Casey Cizikas.
9:21 of 3rd period - Goal by Casey Cizikas - Bruins : 4 - Golden Knights : 4.
9:22 of 3rd period - Steven Stamkos wins face-off versus Jonathan Toews in neutral zone.
9:57 of 3rd period - Wrist shot by Andrei Loktionov.
9:57 of 3rd period - Stopped by Kevin Poulin with a rebound.
9:59 of 3rd period - Slapshot by Mathew Dumba.
9:59 of 3rd period - Goal by Mathew Dumba - Bruins : 4 - Golden Knights : 5.
10:00 of 3rd period - Steven Stamkos wins face-off versus Jonathan Toews in neutral zone.
10:09 of 3rd period - Snap shot by Steven Stamkos.
10:09 of 3rd period - Stopped by Kevin Poulin with a rebound.
10:11 of 3rd period - Backhand shot by Olli Maatta.
10:11 of 3rd period - Shot Misses the Net.
10:13 of 3rd period - Wrist shot by Jake Guentzel.
10:13 of 3rd period - Shot Misses the Net.
10:15 of 3rd period - Slapshot by Christopher Tanev.
10:15 of 3rd period - Deflect By Jordan Eberle.
10:15 of 3rd period - Shot Blocked by Wojtek Wolski.
10:15 of 3rd period - Puck is out of play.
10:16 of 3rd period - Andrei Loktionov wins face-off versus Kevin Hayes in Bruins zone.
10:22 of 3rd period - Minor Penalty to Jason Demers for Hooking.
10:23 of 3rd period - Zack Kassian wins face-off versus Steven Stamkos in Bruins zone.
10:57 of 3rd period - Wrist shot by Alexander Radulov.
10:57 of 3rd period - Shot Misses the Net.
10:59 of 3rd period - Wrist shot by Andrei Loktionov.
10:59 of 3rd period - Stopped by Kevin Poulin without a rebound.
11:00 of 3rd period - Zack Kassian wins face-off versus Steven Stamkos in Bruins zone.
12:22 of 3rd period - Penalty to Jason Demers is over, Jason Demers is back on ice.
12:27 of 3rd period - Madison Bowey is hit by Lawson Crouse.
13:29 of 3rd period - Backhand shot by David Booth.
13:29 of 3rd period - Stopped by Ondrej Pavelec with a rebound.
13:31 of 3rd period - Slapshot by Andreas Athanasiou.
13:31 of 3rd period - Stopped by Ondrej Pavelec without a rebound.
13:32 of 3rd period - Steven Stamkos wins face-off versus Jonathan Toews in Golden Knights zone.
13:32 of 3rd period - Steven Stamkos is hit by Jonathan Toews.
14:05 of 3rd period - Snap shot by Adam Pelech.
14:05 of 3rd period - Stopped by Ondrej Pavelec without a rebound.
14:06 of 3rd period - Andrei Loktionov wins face-off versus Kevin Hayes in Golden Knights zone.
14:11 of 3rd period - Snap shot by Andrei Loktionov.
14:11 of 3rd period - Shot Misses the Net.
14:42 of 3rd period - Snap shot by Wojtek Wolski.
14:42 of 3rd period - Shot Misses the Net.
15:06 of 3rd period - Wrist shot by Tom Wilson.
15:06 of 3rd period - Stopped by Kevin Poulin with a rebound.
15:08 of 3rd period - Wrist shot by Lawson Crouse.
15:08 of 3rd period - Shot Misses the Net.
15:42 of 3rd period - Snap shot by Andreas Athanasiou.
15:42 of 3rd period - Stopped by Ondrej Pavelec without a rebound.
15:43 of 3rd period - Andrei Loktionov wins face-off versus David Booth in Golden Knights zone.
15:43 of 3rd period - Andrei Loktionov is hit by Andreas Athanasiou.
15:52 of 3rd period - Minor Penalty to David Booth for Slashing.
15:53 of 3rd period - Jordan Eberle wins face-off versus Zack Kassian in Bruins zone.
17:52 of 3rd period - Penalty to David Booth is over, David Booth is back on ice.
18:21 of 3rd period - Bruins, Kevin Poulin is pulled from the net.
19:16 of 3rd period - Wrist shot by Jordan Eberle.
19:16 of 3rd period - Shot Misses the Net.
19:24 of 3rd period - Backhand shot by Jordan Eberle.
19:24 of 3rd period - Goal by Jordan Eberle - Bruins : 4 - Golden Knights : 6.
19:24 of 3rd period - Kevin Poulin from Bruins was sent back in the game.
19:25 of 3rd period - Tom Wilson wins face-off versus Casey Cizikas in neutral zone.
Goals for this period are 3 for Bruins vs 2 for Golden Knights.
Shots for this period are 11 for Bruins vs 9 for Golden Knights.
Output by the SimonT Hockey Simulator (STHS) for Francois Prevost